 Dungeon Crawl Stone Soup version 0.28.0-45-g0d030f2227 (webtiles) character file.

Game seed: 12850757921231310801

424 Kaptain the Digger (level 6, -8/37 HPs)
             Began as a Gargoyle Earth Elementalist on Apr 11, 2022.
             Mangled by an ogre
             ... wielding a +0 giant spiked club
              (26 damage)
             ... on level 5 of the Dungeon.
             The game lasted 00:08:16 (4529 turns).

Kaptain the Digger (Gargoyle Earth Elementalist)    Turns: 4529, Time: 00:08:17

Health: -8/37      AC:  9    Str: 11    XL:     6   Next: 96%
Magic:  4/10       EV: 12    Int: 18    God:
Gold:   225        SH:  0    Dex: 16    Spells: 7/11 levels left

rFire   . . .      SeeInvis .   m - +1 dagger (venom)
rCold   . . .      Faith    .   (no shield)
rNeg    + . .      Spirit   .   k - +0 leather armour
rPois   ∞          Reflect  .   (no helmet)
rElec   +          Harm     .   (no cloak)
rCorr   .          Rampage  .   (no gloves)
Will    .....                   q - +1 pair of boots
Stlth   ++........              (no amulet)
HPRegen 0.12/turn               l - +6 ring of dexterity
MPRegen 0.12/turn               r - ring of flight

@: flying, very slightly contaminated
A: sickness immunity, AC +4, negative energy resistance 1, electricity
resistance, torment resistance 1, petrification resistance
a: no special abilities


You were on level 5 of the Dungeon.
You visited 2 branches of the dungeon, and saw 6 of its levels.

You collected 225 gold pieces.

Inventory:

Hand Weapons
 h - a +0 mace
 m - a +1 dagger of venom (weapon)
 s - a +0 falchion
 y - a +0 hunting sling
Missiles
 c - 64 stones
 j - 10 poisoned darts
Armour
 b - a +0 robe
 g - a +0 kite shield
 k - a +0 leather armour (worn)
 n - a +2 ring mail of willpower
 q - a +1 pair of boots (worn)
Jewellery
 l - a +6 ring of dexterity (left hand)
 r - a ring of flight (right hand)
Wands
 e - a wand of mindburst (10)
Scrolls
 a - a scroll of identify
 d - 2 scrolls of teleportation
 i - a scroll of enchant armour
Potions
 u - a potion of resistance
 x - a potion of invisibility
 A - a potion of magic


   Skills:
 * Level 3.0 Fighting
 + Level 1.8 Armour
 + Level 2.2 Dodging
 - Level 2.1 Stealth
 + Level 1.6 Shields
 * Level 3.3 Spellcasting
 * Level 3.1 Conjurations
 - Level 0.7 Transmutations
 * Level 5.0 Earth Magic


You had 7 spell levels left.
You knew the following spells:

 Your Spells              Type           Power      Damage    Failure   Level
a - Sandblast             Erth           42%        2d11      2%          1
b - Stone Arrow           Conj/Erth      34%        3d9       12%         3

Your spell library contained the following spells:

 Spells                   Type           Power      Damage    Failure   Level
 Passwall                 Tmut/Erth      10%        N/A       10%         2
 Call Canine Familiar     Summ           2%         N/A       54%         3
 Portal Projectile        Hex/Tloc       4%         N/A       54%         3
 Petrify                  Tmut/Erth      13%        N/A       54%         4
 Leda's Liquefaction      Hex/Erth       6%         N/A       58%         4


Dungeon Overview and Level Annotations

Branches:
Dungeon (5/15)             Temple (1/1) D:4

Altars:
Ashenzari
Cheibriados
Dithmenos
Fedhas
Gozag
Hepliaklqana
Kikubaaqudgha
Makhleb
Nemelex Xobeh
Okawaru
Qazlal
Ru
Sif Muna
Trog
Uskayaw
Vehumet
Wu Jian
Xom
Yredelemnul
Zin
The Shining One

Shops:
D:5 [


Innate Abilities, Weirdness & Mutations

You are immune to sickness and miasma.
Your stone body is resilient. (AC +4)
You are immune to poison.
You resist negative energy. (rN+)
You are resistant to electric shocks. (rElec)
You are resistant to unholy torment.
You are immune to petrification.


Message History

Casting: Sandblast (safe; 2% risk of failure)
Confirm with . or Enter, or press ? or * to list all spells.
Aiming: Stone Arrow (dangerous; 12% risk of failure)
Press: ? - help, Shift-Dir - straight line, f - ogre
Aim: an ogre, wielding a +0 giant spiked club (asleep, 100% to hit)
You miscast Stone Arrow.
You are very lightly contaminated with residual magic.
Nothing appears to happen.
The ogre shouts!
Casting: Stone Arrow (dangerous; 12% risk of failure)
Confirm with . or Enter, or press ? or * to list all spells.
Aiming: Sandblast (safe; 2% risk of failure)
Press: ? - help, Shift-Dir - straight line, f/p - ogre
Aim: an ogre, wielding a +0 giant spiked club (91% to hit)
The blast of sand hits the ogre.
The ogre is lightly wounded.
Unknown command.
Casting: Sandblast (safe; 2% risk of failure)
Confirm with . or Enter, or press ? or * to list all spells.
Aiming: Sandblast (safe; 2% risk of failure)
Press: ? - help, Shift-Dir - straight line, f/p - ogre
Aim: an ogre, wielding a +0 giant spiked club (lightly wounded, 91% to hit)
The blast of sand hits the ogre!
The ogre is heavily wounded.
The ogre closely misses you.
Unknown command.
Casting: Sandblast (safe; 2% risk of failure)
Confirm with . or Enter, or press ? or * to list all spells.
Aiming: Sandblast (safe; 2% risk of failure)
Press: ? - help, Shift-Dir - straight line, f/p - ogre
Aim: an ogre, wielding a +0 giant spiked club (heavily wounded, 91% to hit)
The blast of sand hits the ogre.
The ogre is severely wounded.
The ogre hits you with a +0 giant spiked club!!
Ouch! That really hurt!
You hit the ogre but do no damage.
The ogre is poisoned.
The ogre is severely wounded.
The ogre hits you with a +0 giant spiked club!!
Ouch! That really hurt!
You die...

#+## #...##
###.....##
#..O...... #.@#
+..# #..# #
#..#.#
##.#.#.##.
###.####.#.#!#∩)
.........#.#.###
###.###..#.#
##.# # ###


You could see an ogre (poisoned).

Vanquished Creatures
  An ogre (D:4)
  A scorpion (D:4)
  A hound (D:3)
  Ijyb (D:2)
  2 orc wizards (D:5)
  3 gnolls (D:5)
  5 adders
  A white imp (D:5)
  3 ufetubi (D:4)
  An adder skeleton (D:4)
  2 worms
  3 dart slugs
  5 orcs
  3 bats
  3 endoplasms
  4 giant cockroaches
  13 goblins
  4 hobgoblins
  6 kobolds
  A quokka (D:3)
  A ball python (D:4)
  6 frilled lizards
  6 rats
76 creatures vanquished.

Notes
Turn   | Place    | Note
-------+----------+-------------------------------------------
     0 | D:1      | Kaptain the Gargoyle Earth Elementalist began the quest for
                  | the Orb.
     0 | D:1      | Reached XP level 1. HP: 10/10 MP: 3/3
   117 | D:1      | Found a faded altar of an unknown god.
   310 | D:1      | Reached XP level 2. HP: 16/16 MP: 1/5
   924 | D:2      | Reached skill level 1 in Fighting
   927 | D:2      | Reached skill level 1 in Conjurations
   927 | D:2      | Reached XP level 3. HP: 20/20 MP: 0/6
  1041 | D:2      | Reached skill level 4 in Earth Magic
  1545 | D:2      | Noticed Ijyb
  1590 | D:2      | Killed Ijyb
  1591 | D:2      | Reached XP level 4. HP: 9/26 MP: 0/7
  2200 | D:3      | Learned a level 3 spell: Stone Arrow
  2278 | D:3      | Reached skill level 1 in Armour
  2278 | D:3      | Reached XP level 5. HP: 24/30 MP: 6/8
  2527 | D:3      | Found a sacrificial altar of Ru.
  2604 | D:3      | Reached skill level 1 in Shields
  2960 | D:4      | Reached XP level 6. HP: 36/36 MP: 1/10
  3069 | D:4      | Found an opulent altar of Gozag.
  3069 | D:4      | Found a broken altar of Ashenzari.
  3070 | D:4      | Found a hazy altar of Hepliaklqana.
  3070 | D:4      | Found an iron altar of Okawaru.
  3182 | D:4      | Found a staircase to the Ecumenical Temple.
  3188 | Temple   | Entered the Ecumenical Temple
  3920 | D:5      | Entered Level 5 of the Dungeon
  3939 | D:5      | Found a shadowy altar of Dithmenos.
  4108 | D:5      | Reached skill level 5 in Earth Magic
  4518 | D:5      | Found Xibioj's Antique Armour Shoppe.
  4529 | D:5      | Mangled by an ogre

Illustrated notes

Levels and vault maps discovered:
D:1:      giann_forest_graveyard, layout_basic,
          ebering_ecumenical_altar_sacrificial, minmay_misc_feat_encased
D:2:      kennysheep_the_goblin_king, layout_loops_ring, serial_bayou_pond_d,
          serial_bayou_crossing
D:3:      layout_basic, nicolae_ru_sacrificial_ziggurat
D:4:      layout_loops_ring, chequers_temple_overflow_statue_of_worship,
          minmay_temple_entry_enclosed_plants
D:5:      layout_loops_corners, mainiacjoe_overflow_boulevard,
          nicolae_inconvenience_store, uniq_prince_ribbit1
Temple:   regret_index_temple_waves

Skill      XL: |  1  2  3  4  5  6 |
---------------+-------------------+-----
Fighting       | 1 2 3 |  3.0
Conjurations   | 1 2 3 |  3.1
Earth Magic    | 4 5 |  5.0
Armour         | 1 |  1.8
Dodging        | 2 |  2.2
Shields        | 1 |  1.6
Spellcasting   | 3 |  3.3
Stealth        | |  2.1
Transmutations | |  0.7

Action                   |  1- 3 |  4- 6 || total
-------------------------+-------+-------++-------
Melee: Short sword       |    11 |       ||    11
       Mace              |    10 |       ||    10
       Dagger            |       |    39 ||    39
       Punch             |       |     1 ||     1
 Cast: Sandblast         |    43 |    65 ||   108
       Stone Arrow       |       |     3 ||     3
  Use: Potion            |     1 |     1 ||     2
       Scroll            |       |    11 ||    11
 Stab: Sleeping          |       |     1 ||     1
Armor: Robe              |     9 |       ||     9
       Leather armour    |     7 |    28 ||    35
Dodge: Dodged            |    16 |    32 ||    48
